 Dungeon Crawl Stone Soup version 0.19.1 (webtiles) character file.

136 CanadianGator the Skirmisher (level 4, -2/33 HPs)
             Began as a High Elf Fighter on Dec 2, 2016.
             Splashed by a jelly's acid (6 damage)
             ... on level 3 of the Dungeon.
             The game lasted 00:04:56 (1985 turns).

CanadianGator the Skirmisher (High Elf Fighter)     Turns: 1985, Time: 00:04:59

Health: -2/33      AC: -1    Str: 15    XL:     4   Next: 98%
Magic:  5/5        EV: 10    Int: 12    God:
Gold:   87         SH:  7    Dex: 15    Spells: 0 memorised, 3 levels left

rFire  . . .     SeeInvis .     a - +0 long sword
rCold  . . .     Gourm    .     d - +0 scale mail {rPois}
rNeg   . . .     Faith    .     m - +2 buckler
rPois  +         Spirit   .     (no helmet)
rElec  .         Reflect  .     g - +2 cloak
rCorr  .         Harm     .     (no gloves)
MR     .....                    (no boots)
Stlth  ..........               (no amulet)
                                (no ring)
                                (no ring)

@: corroded
A: no striking features
a: no special abilities


You were on level 3 of the Dungeon.
You were near starving.

You visited 1 branch of the dungeon, and saw 3 of its levels.

You collected 87 gold pieces.

Inventory:

Hand Weapons
 a - a +0 long sword (weapon)
Armour
 c - a +0 shield
 d - a +0 scale mail of poison resistance (worn)
 g - a +2 cloak (worn)
 m - a +2 buckler (worn)
Wands
 r - a wand of confusion (16/48)
Scrolls
 b - a scroll of magic mapping {unknown}
 h - a scroll of random uselessness {unknown}
 i - a scroll of immolation {unknown}
 l - a scroll of teleportation {unknown}
 n - a scroll of recharging {unknown}
 o - a scroll of enchant armour {unknown}
 p - 2 scrolls of remove curse {unknown}
 q - 2 scrolls of identify {unknown}
 s - a scroll of fear {unknown}
Potions
 e - 2 potions of ambrosia {unknown}
 j - 2 potions of lignification {unknown}
 k - a potion of mutation {unknown}
Comestibles
 f - a bread ration


   Skills:
 + Level 3.7 Fighting
 + Level 3.4 Long Blades
 + Level 3.2 Armour
 + Level 2.0 Dodging
 + Level 3.4 Shields


You had 3 spell levels left.
You didn't know any spells.

Dungeon Overview and Level Annotations

Branches:
Dungeon (3/15)

Altars:


Message History

No target in view!
No target in view!
No target in view!
You see here a club.
You see here a long sword.
A jelly comes into view.
The jelly quivers.
The jelly hits you. The acid corrodes you!
You are splashed with acid!
The acid burns!
You hit the jelly. The acid corrodes you!
Your hands burn!
The jelly is lightly wounded.
The jelly barely misses you.
You riposte.
You hit the jelly.
The jelly is heavily wounded.
You slash the jelly! The acid corrodes you!
Your hands burn!
* * * LOW HITPOINT WARNING * * *
The jelly is almost dead.
The jelly hits you.
* * * LOW HITPOINT WARNING * * *
You are splashed with acid!
The acid burns!
You die...

.......................#.########
.########.##.##.##.##.#.## .# #.
#.##.##.##.### .# #. #.##.##.##.#
.# #. #.##.##.##.# .#
#.##.##.##.##.# .. ......##.##.#
(. #..###.##. #.J@..# #.##### #


You could see a jelly.

Vanquished Creatures
  Jessica (D:2)
  Terence (D:2)
  A worker ant (D:3)
  2 adders
  3 worms
  A dart slug (D:2)
  2 leopard geckos (D:3)
  7 goblins
  4 hobgoblins
  2 kobolds (D:2)
  A quokka (D:2)
  4 bats
  2 frilled lizards (D:2)
  5 rats (D:2)
36 creatures vanquished.

Vanquished Creatures (others)
  A kobold (D:3)
1 creature vanquished.

Grand Total: 37 creatures vanquished

Notes
Turn   | Place    | Note
-------+----------+-------------------------------------------
     0 | D:1      | CanadianGator the High Elf Fighter began the quest for the Orb.
     0 | D:1      | Reached XP level 1. HP: 16/16 MP: 2/2
   969 | D:2      | Reached XP level 2. HP: 21/21 MP: 3/3
  1051 | D:2      | Noticed Jessica
  1052 | D:2      | Noticed Terence
  1077 | D:2      | Killed Terence
  1077 | D:2      | Reached skill level 1 in Dodging
  1077 | D:2      | Reached XP level 3. HP: 9/26 MP: 4/4
  1081 | D:2      | Killed Jessica
  1081 | D:2      | Reached XP level 4. HP: 12/31 MP: 5/5
  1985 | D:3      | Splashed by a jelly's acid

Skill      XL: |  1  2  3  4 |
---------------+-------------+-----
Shields        | 3 |  3.4
Long Blades    | 3 |  3.4
Dodging        | 1 2 |  2.0
Armour         | 3 |  3.2
Fighting       | |  3.7

Action                   |  1- 3 |  4- 6 || total
-------------------------+-------+-------++-------
Melee: Long sword        |    66 |    87 ||   153
  Use: Potion            |     2 |       ||     2
  Eat: Chunk             |       |     2 ||     2
Armor: Scale mail        |    53 |    35 ||    88
Dodge: Dodged            |    29 |    42 ||    71
Block: Shield            |    18 |       ||    18
       Buckler           |    16 |    35 ||    51
       Rpst.: Long sword |     7 |    19 ||    26
